 Dungeon Crawl Stone Soup version 0.30-a0-802-gb92711bcdf (webtiles) character file.

Game seed: 16199940669410835590

4080 Iich the Severer (level 10, -6/141 HPs)
             Began as a Hill Orc Fighter on Feb 23, 2023.
             Was an Initiate of Gozag.
             Mangled by a spriggan
             ... wielding a +0 spear
              (7 damage)
             ... in a bailey.
             The game lasted 00:13:54 (7126 turns).

Iich the Severer (Hill Orc Fighter)                 Turns: 7126, Time: 00:13:55

Health: -6/141     AC: 13    Str: 20    XL:     10   Next: 25%
Magic:  0/10       EV: 10    Int:  3    God:    Gozag
Gold:   270        SH:  5    Dex: 17    Spells: 9/9 levels left

rFire   + . .      SeeInvis .    u - +4 war axe of Painful Death {venom, +Blink rF+ rN+ Int-5}
rCold   . . .      Faith    .    c - +0 buckler
rNeg    + . .      Spirit   +    v - +1 ring mail of Words of Power {Dex+3}
rPois   +          Reflect  .    (no helmet)
rElec   .          Harm     .    t - +1 cloak
rCorr   .          Rampage  .    E - +0 pair of gloves
Will    .....                    n - +2 pair of boots Stlth
                                 l - amulet of guardian spirit
HPRegen 0.43/turn                r - ring of poison resistance
MPRegen 0.12/turn                (no ring)

@: berserking, on blink cooldown, very quick
A: no striking features
a: Renounce Religion, Evoke Blink, Potion Petition, Call Merchant, Bribe Branch


You were in a bailey.
You worshipped Gozag.
Gozag was aware of your devotion.
You visited 2 branches of the dungeon, and saw 8 of its levels.
You also visited: Sewer and Bailey.

You collected 1405 gold pieces.
You spent 178 gold pieces at shops.
You paid 957 gold pieces to Gozag.

Inventory:

Hand Weapons
 u - the +4 war axe of Painful Death (weapon) {venom, +Blink rF+ rN+ Int-5}
   (You bought it in a shop on level 4 of the Dungeon)

   Int:       It affects your intelligence (-5).
   rF:        It protects you from fire.
   rN:        It protects you from negative energy.
   +Blink:    It lets you blink.
Missiles
 y - a throwing net (quivered)
Armour
 b - a +0 scale mail
 c - a +0 buckler (worn)
 n - a +2 pair of boots (worn)
 t - a +1 cloak (worn)
 v - the +1 ring mail of Words of Power (worn) {Dex+3}
   (You found it on level 4 of the Dungeon)

   Dex:       It affects your dexterity (+3).
 E - a +0 pair of gloves (worn)
Jewellery
 l - an amulet of guardian spirit (around neck)
 r - a ring of poison resistance (left hand)
Scrolls
 i - a scroll of teleportation
 j - a scroll of blinking
 o - 2 scrolls of magic mapping
 p - a scroll of enchant weapon
 q - a scroll of torment
 w - a scroll of fear
 B - a scroll of poison
 C - 2 scrolls of immolation
 D - a scroll of butterflies {unknown}
Potions
 a - 2 potions of magic
 d - 2 potions of might
 e - 4 potions of brilliance
 f - a potion of attraction
 h - a potion of berserk rage
 k - a potion of invisibility
 m - a potion of degeneration {unknown}
 z - 2 potions of cancellation


   Skills:
 + Level 10.6 Fighting
 * Level 15.4 Axes
 - Level 3.2 Armour
 - Level 3.2 Shields


You had 9 spell levels left.
You didn't know any spells.
Your spell library contained the following spells:

 Spells                   Type           Power      Damage    Failure   Level
 Freeze                   Ice            0%         1d3       80%         1
 Scorch                   Fire           0%         2d5       90%         2
 Frozen Ramparts          Ice            0%         1d1       99%         3
 Hailstorm                Conj/Ice       0%         3d3       99%         3
 Inner Flame              Hex/Fire       0%         N/A       99%         3
 Flame Wave               Conj/Fire      0%         2d4       100%        4
 Sticky Flame             Conj/Fire      0%         2d3       100%        4
 Summon Cactus Giant      Summ           0%         N/A       100%        6


Dungeon Overview and Level Annotations

Branches:
Dungeon (7/15)             Temple (1/1) D:4           Sewer (visited)
 Bailey (1/1)

Altars:
Ashenzari
Gozag
Wu Jian
Zin

Shops:
D:1 =   D:4 (


Message History

The two-headed ogre hits you but does no damage.
The two-headed ogre hits you from afar with a +0 halberd!
* * * LOW HITPOINT WARNING * * *
The spriggan hits you from afar with a +0 spear!
* * * LOW HITPOINT WARNING * * *
The two-headed ogre hits you but does no damage. x2
The spriggan hits you but does no damage.
The spriggan hits you but does no damage.
The two-headed ogre hits you from afar with a +0 bardiche!
* * * LOW HITPOINT WARNING * * *
The two-headed ogre hits you but does no damage.
Okay, then.
Your magical effects are unravelling.
You feel magically purged.
You feel less wooden.
Your +1 cloak unmelds from your body.
Your +0 pair of gloves unmelds from your body.
Your +2 pair of boots unmelds from your body.
The +1 ring mail of Words of Power {Dex+3} unmelds from your body.
You feel a little less mighty now.
You feel a little less clever now.
The spriggan hits you but does no damage.
The two-headed ogre hits you but does no damage.
The two-headed ogre hits you from afar with a +0 halberd!
* * * LOW HITPOINT WARNING * * *
You blink.
The spriggan hits you from afar with a +0 spear.
* * * LOW HITPOINT WARNING * * *
A red film seems to cover your vision as you go berserk!
You feel yourself moving faster!
You feel mighty! The spriggan completely misses you.
You feel a strong urge to attack something.
The spriggan hits you but does no damage.
The two-headed ogre hits you with a +0 bardiche!
* * * LOW HITPOINT WARNING * * *
The two-headed ogre barely misses you.
You slice the two-headed ogre!!
The two-headed ogre is severely wounded.
You barely miss the spriggan. The spriggan hits you with a +0 spear!
You die...
Your body crumbles into a pile of gold.

#######
###.....###
##.........##
##...........##
#....∩...∩@..§#
##........Oi.##
##.......).##
###~~~~)###
#~~~~~#
##~~~~~##
##.......##
#......)..##
#..#♣#####..##


You could see a two-headed ogre and a spriggan.

Vanquished Creatures
  The ghost of Darius099 the Cleaver, a novice MiFi of Okawaru (D:6)
  A shadow (D:6)
  4 spriggans (Bailey)
  2 steam dragons
  2 water moccasins (D:6)
  An orc warrior (D:6)
  An ice beast (D:7)
  7 ogres
  A phantom (D:5)
  A kobold brigand (D:5)
  A gnoll sergeant (D:5)
  A necrophage (D:4)
  A scorpion (D:6)
  3 wights (D:6)
  3 howler monkeys (D:5)
  3 orc priests
  2 gnoll boudas
  5 hounds
  3 jellies
  Jessica (D:2)
  An iguana (D:6)
  8 orc wizards
  22 gnolls
  12 adders
  3 river rats (Sewer)
  2 white imps
  A worm (D:2)
  2 dart slugs
  30 orcs
  8 ball pythons
  7 bats
  10 endoplasms
  6 giant cockroaches
  5 hobgoblins
  11 jackals (D:5)
  10 kobolds
  6 quokkas
  7 frilled lizards
  10 goblins
  12 rats
217 creatures vanquished.

Vanquished Creatures (others)
  A plant (D:5)
1 creature vanquished.

Grand Total: 218 creatures vanquished

Notes
Turn   | Place    | Note
-------+----------+-------------------------------------------
     0 | D:1      | Iich the Hill Orc Fighter began the quest for the Orb.
     0 | D:1      | Reached XP level 1. HP: 19/19 MP: 1/1
    34 | D:1      | Reached skill level 3 in Axes
    97 | D:1      | Reached XP level 2. HP: 23/27 MP: 2/2
   215 | D:1      | Found Oblecez's Jewellery Boutique.
   346 | D:1      | Reached skill level 4 in Axes
   369 | D:1      | Reached XP level 3. HP: 32/33 MP: 3/3
   861 | D:2      | Noticed Jessica
   863 | D:2      | Killed Jessica
   882 | D:2      | Reached XP level 4. HP: 37/41 MP: 4/4
   930 | D:2      | Reached skill level 5 in Axes
  1361 | D:2      | Found a faded altar of an unknown god.
  1580 | D:3      | Reached XP level 5. HP: 38/47 MP: 3/5
  1865 | D:3      | Reached skill level 5 in Fighting
  1865 | D:3      | Reached skill level 6 in Axes
  1927 | D:3      | Found an ornate altar of the Wu Jian Council.
  2089 | D:4      | Noticed an ogre
  2095 | D:4      | Killed an ogre
  2096 | D:4      | Reached XP level 6. HP: 16/56 MP: 1/6
  2315 | D:4      | Found a staircase to the Ecumenical Temple.
  2321 | D:4      | Reached skill level 7 in Axes
  2327 | Temple   | Entered the Ecumenical Temple
  2357 | Temple   | Became a worshipper of Gozag Ym Sagoz the Greedy
  2393 | D:4      | Found Golaigint's Antique Weapon Shop.
  2500 | D:4      | Bought a dazzling war axe for 178 gold pieces
  2500 | D:4      | Identified the +4 war axe of Painful Death {venom, +Blink
                  | rF+ rN+ Int-5} (You bought it in a shop on level 4 of the
                  | Dungeon)
  2691 | D:4      | Identified the +1 ring mail of Words of Power {Dex+3}
  2831 | D:4      | Reached skill level 8 in Axes
  2831 | D:4      | Reached XP level 7. HP: 59/63 MP: 5/7
  3093 | D:5      | Entered Level 5 of the Dungeon
  3184 | D:5      | Reached skill level 9 in Axes
  3802 | D:5      | Reached XP level 8. HP: 60/73 MP: 8/8
  3932 | D:5      | Reached skill level 10 in Axes
  4539 | D:5      | Reached skill level 11 in Axes
  4830 | D:6      | Reached skill level 12 in Axes
  4864 | D:6      | Found a glowing drain.
  4876 | Sewer    | Entered a sewer
  4981 | Sewer    | Reached XP level 9. HP: 82/82 MP: 9/9
  5602 | D:6      | Found a large runed translucent door.
  5603 | D:6      | Found a large runed translucent door.
  5611 | D:6      | Noticed Darius099's ghost (novice MiFi)
  5962 | D:6      | Reached skill level 13 in Axes
  6413 | D:6      | Killed Darius099's ghost
  6414 | D:6      | Reached skill level 14 in Axes
  6827 | D:7      | Found a flagged portal.
  6857 | Bailey   | Entered a bailey
  6884 | Bailey   | Reached skill level 10 in Fighting
  6887 | Bailey   | Reached XP level 10. HP: 47/93 MP: 1/10
  7073 | Bailey   | Noticed a two-headed ogre
  7076 | Bailey   | Reached skill level 15 in Axes
  7125 | Bailey   | HP: 1/141 [two-headed ogre/+0 bardiche (10)]
  7126 | Bailey   | Mangled by a spriggan

Illustrated notes

Levels and vault maps discovered:
D:1:      minmay_arrival_four_circles, layout_basic, serial_rivers,
          chequers_serial_rivers_small_b, chequers_serial_rivers_small_a,
          chequers_serial_rivers_room_a, chequers_serial_rivers_micro_d,
          chequers_serial_rivers_micro_a, chequers_serial_rivers_micro_e,
          serial_shops, shop
D:2:      layout_basic, hellmonk_ecumenical_altar_inner_sanctum,
          minmay_pentomino_p2, uniq_jessica
D:3:      layout_basic, nzn_wu_jian_contemplation,
          minmay_fractal_squares_gapless_5
D:4:      layout_loops_ring, minmay_temple_entry_hall, serial_shops, shop
D:5:      lemuel_castle_with_subvaults [lemuel_castle_interior_carwin_3],
          layout_basic
D:6:      layout_gridville, portal_sewer_entry_d, ebering_ghost_disaster_area,
          hangedman_decor_diamond_cutter, kb_rosetta
D:7:      layout_basic, enter_bailey_3
Temple:   bh_familiar_temple
Bailey:   bailey_polearm_enchanted_keep_hellmonk, bailey

Skill      XL: |  1  2  3  4  5  6  7  8  9 10 |
---------------+-------------------------------+-----
Axes           | 3 4 5 6 8 9 12 14 15 | 15.4
Fighting       | 4 5 6 7 8 10 | 10.6
Armour         | |  3.2
Shields        | |  3.2

Action                     |  1- 3 |  4- 6 |  7- 9 | 10-12 || total
---------------------------+-------+-------+-------+-------++-------
  Melee: War axe           |    73 |   126 |   332 |    14 ||   545
 Invoke: Potion Petition   |       |       |     2 |     1 ||     3
Ability: Evoke Blink       |       |     1 |       |     1 ||     2
  Evoke: Wand              |       |       |     6 |     4 ||    10
    Use: Potion            |     1 |     2 |     9 |     6 ||    18
         Scroll            |     2 |     2 |     9 |     2 ||    15
   Stab: Distracted        |       |       |     1 |       ||     1
 Armour: Scale mail        |    32 |    45 |     2 |       ||    79
         Ring mail         |       |       |    95 |    14 ||   109
         Skin              |       |       |       |     8 ||     8
  Dodge: Dodged            |    32 |    44 |   125 |     9 ||   210
  Block: Buckler           |    26 |    27 |    63 |     7 ||   123

Table legend: (Time is in decaauts)
 A = Elapsed time spent in this place.
 B = Non-inter-level travel time spent in this place.
 C = Inter-level travel time spent in this place.
 D = Time resting spent in this place.
 E = Time spent auto-exploring this place.
 F = Levels seen in this place.
 G = Mean time per level.
                   A        B        C        D        E       F      G
               +--------+--------+--------+--------+--------+-----+--------+
         Total |   7255 |   7065 |    190 |    627 |   4850 |  10 |  725.5 |
       Dungeon |   6442 |   6252 |    190 |    536 |   4337 |   7 |  920.3 |
        Temple |     40 |     40 |      0 |      0 |     19 |   1 |   40.0 |
         Sewer |    504 |    504 |      0 |      0 |    415 |   1 |  504.0 |
        Bailey |    268 |    268 |      0 |     91 |     78 |   1 |  268.0 |
               +--------+--------+--------+--------+--------+-----+--------+

Top non-repeatable levels by time:
     D:5: 1649 daAuts
     D:6: 1535 daAuts
     D:4: 977 daAuts
     D:1: 888 daAuts
     D:3: 688 daAuts
     D:2: 567 daAuts
   Sewer: 504 daAuts
  Bailey: 268 daAuts
     D:7: 135 daAuts
  Temple: 40 daAuts
